 Dungeon Sprint DCSS version 0.19-a0-1008-g4c63d25 (webtiles) character file.

35 Arkorax the Shield-Bearer (level 3, 0/31 HPs)
             Began as a Formicid Fighter on July 22, 2016.
             Was an Initiate of Makhleb.
             Slain by an ancient zyme (8 damage)
             ... in the Dungeon (Sprint V: "Ziggurat Sprint").
             The game lasted 00:00:42 (92 turns).

Arkorax the Shield-Bearer (Formicid Fighter)          Turns: 92, Time: 00:00:43

Health: 0/31       AC: 27    Str: 21    XL:     3   Next: 52%
Magic:  3/3        EV:  0    Int:  7    God:    Makhleb [......]
Gold:   0          SH: 28    Dex: 10    Spells: 0 memorised, 2 levels left

rFire  . . .     SeeInvis +     y - +5 executioner's axe
rCold  . . .     Gourm    .     K - +15 Maxwell's patent armour {-Cast -Tele rElec MR+ rCorr}
rNeg   + . .     Faith    .     L - +18 shield of the Gong {rElec rN+ MR+ EV-5}
rPois  .         Spirit   .     (helmet unavailable)
rElec  +         Dismiss  .     (no cloak)
rCorr  +         Reflect  .     (no gloves)
SustAt .         Harm     .     (no boots)
MR     ++...     NoCast   +     (no amulet)
Stlth  ..........               (no ring)
                                (no ring)

@: non-regenerating, badly diseased, very resistant to hostile enchantments,
extremely unstealthy
A: permanent stasis, dig shafts and tunnels, four strong arms, antennae 3
a: Dig, Renounce Religion


You were in the Dungeon.
You worshipped Makhleb.
Makhleb was noncommittal.
You were not hungry.

You visited 1 branch

Inventory:

Hand Weapons
 a - a +0 war axe
 y - a +5 executioner's axe (weapon)
Armour
 b - a +0 scale mail
 c - a +0 shield
 K - the +15 Maxwell's patent armour (worn) {-Cast -Tele rElec MR+ rCorr}
   (You found it in the Dungeon)

   It insulates you from electricity.
   It affects your resistance to hostile enchantments.
   It prevents spellcasting.
   It prevents most forms of teleportation.
   It protects you from acid and corrosion.
 L - the +18 shield of the Gong (worn) {rElec rN+ MR+ EV-5}
   (You found it in the Dungeon)

   It affects your evasion (-5).
   It insulates you from electricity.
   It protects you from negative energy.
   It affects your resistance to hostile enchantments.
Jewellery
 E - a +6 ring of dexterity
 F - a +6 ring of dexterity
 G - a +6 ring of intelligence
 H - a +6 ring of intelligence
 I - a +6 ring of strength
 J - a +6 ring of strength
Wands
 A - a wand of disintegration (7/24)
 B - a wand of iceblast (5/15)
 C - a wand of lightning (5/15)
 D - a wand of acid (5/15)
Scrolls
 k - 4 scrolls of blinking
 q - 4 scrolls of amnesia
 r - 3 scrolls of recharging
 s - 7 scrolls of fog
 t - a scroll of holy word
 u - 5 scrolls of identify
 v - 5 scrolls of remove curse
 w - 2 scrolls of fear
Potions
 d - 6 potions of might
 e - 10 potions of curing
 g - 10 potions of heal wounds
 h - 6 potions of haste
 i - 7 potions of magic
 j - 3 potions of berserk rage
 l - 2 potions of brilliance
 m - 2 potions of invisibility
 n - 4 potions of resistance
 o - a potion of experience
 p - 5 potions of agility
Comestibles
 f - 5 bread rations
 x - 42 fruits
 z - 4 meat rations


   Skills:
 + Level 4.7 Fighting
 + Level 3.6 Axes
 + Level 4.7 Armour
 + Level 5.2 Shields


You had 2 spell levels left.
You didn't know any spells.

Dungeon Overview and Level Annotations

Branches:
Dungeon (1/1)

Altars:
Ashenzari
Cheibriados
Dithmenos
Elyvilon
Fedhas
Gozag
Hepliaklqana
Kikubaaqudgha
Makhleb
Nemelex Xobeh
Okawaru
Pakellas
Qazlal
Ru
Sif Muna
Trog
Uskayaw
Vehumet
Xom
Yredelemnul
Zin
The Shining One
Beogh
Jiyva
Lugonu


Innate Abilities, Weirdness & Mutations

You are under a permanent stasis effect.
You can dig through walls and to a lower floor.
Your four strong arms can wield two-handed weapons with a shield.
You have a pair of large antennae on your head. (SInv)


Message History

GONNNNG!
You feel ill.
The ancient zyme hits you but does no damage. x2
You feel ill.
You hit the ancient zyme.
The ancient zyme is severely damaged.
You block the ancient zyme's attack.
GONNNNG!
The ancient zyme hits you but does no damage.
Unknown command.
You slash the ancient zyme!
The ancient zyme is almost destroyed.
You block the ancient zyme's attack.
PANG!
You block the ancient zyme's attack.
PANG!
You block the ancient zyme's attack.
BONNNG!
The ancient zyme hits you!
You die...

▓▓▓▓▓▓▓
▓.8©8.▓
{{
▓.....▓
▓.)@[.▓
▓.x...▓
▓.....▓
▓.....▓
▓▓▓▓▓▓▓
{{{ { {


You could see an ancient zyme.

Vanquished Creatures
  A crimson imp (D)
1 creature vanquished.

Notes
Turn   | Place    | Note
-------+----------+-------------------------------------------
     0 | D        | Arkorax the Formicid Fighter began the quest for the Orb.
     0 | D        | Reached XP level 1. HP: 18/18 MP: 1/1
     0 | D        | Found a blossoming altar of Fedhas.
     0 | D        | Found a snail-covered altar of Cheibriados.
     0 | D        | Found a viscous altar of Jiyva.
     0 | D        | Found a roughly hewn altar of Beogh.
     0 | D        | Found a corrupted altar of Lugonu.
     1 | D        | Found a white marble altar of Elyvilon.
     1 | D        | Found a shimmering altar of Xom.
     3 | D        | Found a deep blue altar of Sif Muna.
     3 | D        | Found a burning altar of Makhleb.
     3 | D        | Found a bloodstained altar of Trog.
     3 | D        | Found an iron altar of Okawaru.
     3 | D        | Found a sparkling altar of Nemelex Xobeh.
     3 | D        | Found a radiant altar of Vehumet.
    79 | D        | Became a worshipper of Makhleb the Destroyer
    82 | D        | Entered arena 1.
    82 | D        | Noticed an ancient zyme
    82 | D        | Noticed a crimson imp
    87 | D        | Killed a crimson imp
    87 | D        | Reached skill level 5 in Shields
    87 | D        | Reached XP level 2. HP: 26/26 MP: 2/2
    87 | D        | Reached XP level 3. HP: 31/31 MP: 3/3
    92 | D        | Slain by an ancient zyme

Vault maps used:
D:        sprint_v

Skill      XL: |  1 |
---------------+----+-----
Fighting       | 4 |  4.7
Axes           | 3 |  3.6
Armour         | 4 |  4.7
Shields        | 5 |  5.2

Action                   || total
-------------------------++-------
Melee: Executioner's axe ||     7
Armor: Plate armour      ||     5
Block: Shield            ||    24
